 Dungeon Crawl Stone Soup version 0.30-a0-728-gc68057be0a (webtiles) character file.

Game seed: 4909354701656402508

3985 hikkokomori the Sneak (level 10, -3/79 HPs)
             Began as a Merfolk Wanderer on Jan 30, 2023.
             Was a Believer of Okawaru.
             Killed from afar by Erica (12 damage)
             ... with a lance of force
             ... on level 8 of the Dungeon.
             The game lasted 00:21:15 (9848 turns).

hikkokomori the Sneak (Merfolk Wanderer)            Turns: 9848, Time: 00:21:16

Health: -3/79      AC: 14    Str: 14    XL:     10   Next: 22%
Magic:  15/15      EV: 13    Int: 13    God:    Okawaru [**....]
Gold:   586        SH:  5    Dex: 15    Spells: 11/15 levels left

rFire   x . .      SeeInvis .    h - +2 dagger (venom)
rCold   + + .      Faith    .    c - +0 buckler
rNeg    . . .      Spirit   .    w - +0 ice dragon scales
rPois   +          Reflect  .    r - +0 helmet
rElec   .          Harm     .    I - +1 cloak {rCorr}
rCorr   +          Rampage  .    D - +0 pair of gloves
Will    .....                    (no boots)
Stlth   ++                       s - amulet of the acrobat
HPRegen 0.33/turn                j - +5 ring of evasion
MPRegen 0.14/turn                l - ring of poison resistance

@: lethally poisoned (-3 -> -10), slowed, very slow
A: (nimble swimmer 2), mertail
a: Renounce Religion, Heroism


You were on level 8 of the Dungeon.
You worshipped Okawaru.
Okawaru was pleased with you.
You visited 2 branches of the dungeon, and saw 9 of its levels.
You also visited: Bailey.

You collected 586 gold pieces.

Inventory:

Hand Weapons
 a - a +2 dagger
 h - a +2 dagger of venom (weapon)
 y - a +5 dire flail of freezing
 B - a +0 falchion
 E - a +2 heavy trident
 F - the +5 Lochaber axe {reach-cleave, Poleaxe Drain}
   (You took it off an orc warrior in a bailey)

   Poleaxe:   It uses either Axes or Polearms skill, whichever is higher.
   Drain:     It drains your maximum health when unequipped.
Missiles
 M - a throwing net
 N - 3 curare-tipped darts
Armour
 c - a +0 buckler (worn)
 r - a +0 helmet (worn)
 t - a +0 cloak
 u - +0 fire dragon scales
 w - +0 ice dragon scales (worn)
 D - a +0 pair of gloves (worn)
 H - a +2 plate armour of cold resistance
 I - a +1 cloak of preservation (worn)
Magical Staves
 p - a staff of fire
Jewellery
 j - a +5 ring of evasion (left hand)
 k - a ring of magical power
 l - a ring of poison resistance (right hand)
 s - an amulet of the acrobat (around neck)
 G - an amulet of guardian spirit
 K - a +6 ring of strength
Wands
 e - a wand of polymorph (4)
Scrolls
 d - a scroll of vulnerability
 m - 6 scrolls of teleportation
 J - a scroll of magic mapping
Potions
 b - 2 potions of haste
 f - 2 potions of lignification
 g - 2 potions of ambrosia
 i - 3 potions of resistance
 n - a potion of flight
 o - 2 potions of curing
 q - 2 potions of cancellation
 v - 2 potions of brilliance
 x - a potion of might {unknown}
 z - 2 potions of degeneration
 A - a potion of heal wounds
 C - a potion of mutation {unknown}
 L - a potion of attraction {unknown}


   Skills:
 + Level 7.1 Fighting
 - Level 5.8 Short Blades
 + Level 2.7 Polearms
 + Level 2.8 Armour
 - Level 7.1 Stealth
 - Level 5.6 Shields
 + Level 3.4 Spellcasting
 + Level 5.6 Earth Magic
 - Level 3.1 Invocations


You had 11 spell levels left.
You knew the following spells:

 Your Spells              Type           Power      Damage    Failure   Level
a - Sandblast             Erth           32%        2d9       16%         1
b - Stone Arrow           Conj/Erth      18%        3d8       82%         3

Your spell library contained the following spells:

 Spells                   Type           Power      Damage    Failure   Level
 Apportation              Tloc           4%         N/A       83%         1
 Shock                    Conj/Air       8%         1d3       83%         1
 Cigotuvi's Dreadful Rot  Necr/Pois/Air  4%         N/A       93%         2
 Swiftness                Air            2%         N/A       99%         3
 Airstrike                Air            1%         2d(1-17)  100%        4
 Dispel Undead            Necr           2%         3d7       100%        4
 Passage of Golubria      Tloc           2%         N/A       100%        4
 Yara's Violent Unravell  Hex/Tmut       1%         3d3       100%        5
 Tukima's Dance           Hex            Unusable   N/A       N/A         3
 Death Channel            Necr           Unusable   N/A       N/A         6

Dungeon Overview and Level Annotations

Branches:
Dungeon (8/15)             Temple (1/1) D:4          Bailey (visited)
   Lair: D:8-11

Altars:
Ashenzari
Dithmenos
Elyvilon
Fedhas
Gozag
Hepliaklqana
Makhleb
Nemelex Xobeh
Okawaru
Qazlal
Trog
Uskayaw
Vehumet
Wu Jian
Xom
Yredelemnul
The Shining One

Annotations:
D:8 Erica


Innate Abilities, Weirdness & Mutations

((You are very nimble when in or above water. (Stealth+, EV+, Speed+++)))
Your lower body shifts to a powerful aquatic tail in water.


Message History

You closely miss something. Something hits you. Something burns you.
You're too confused to attack without stumbling around!
You're too confused to attack without stumbling around!
You're too confused to attack without stumbling around!
You're too confused to attack without stumbling around!
You bump into the rock wall.
Something hits you. Something burns you.
You bump into the rock wall.
Something hits you. Something burns you. Something barely misses you.
You hit something.
You hear some strange, mumbled words.
A lance of force appears from out of thin air!
The lance of force misses you.
You bump into the rock wall.
You feel less confused. Something hits you but does no damage.
You puncture something! Something hits you. Something burns you.
You hit something but do no damage. Something hits you but does no damage.
You closely miss something. Something closely misses you.
You closely miss something.
You hear some strange, mumbled words.
A bolt of poison appears from out of thin air!
The bolt of poison hits you!
You are poisoned.
You resist.
You closely miss something.
You feel very sick.
You hit something.
You feel like a meek peon again.
You feel sick.
You hear some strange, mumbled words.
A lance of force appears from out of thin air!
The lance of force hits you!!
* * * LOW HITPOINT WARNING * * *
You hit something.
* * * LOW HITPOINT WARNING * * *
You feel very sick.
You hear some strange, mumbled words.
A lance of force appears from out of thin air!
The lance of force hits you!
You die...

#............##..# #.........#
#.###..#####.##..######.........#
#.. #.........##.........# ...
####.........#######.# #.
#..########........ ####..#
...##.####... #.....# ....# #...
#.##.##.....# #... #....@{.....(
#... ####.##.....# ..... #)#
....# ...... #.# ...# .....>. #.#
..# ....#+# #.# ## .. #.# #.# #.#


There were no monsters in sight!

Vanquished Creatures
  An orc knight (Bailey)
  A hornet (D:7)
  4 yaks
  A wyvern (D:8)
  A steam dragon (D:7)
  A water moccasin (D:6)
  6 orc warriors
  2 ice beasts
  3 centaurs
  2 phantoms (D:5)
  Blork the orc (D:4)
  6 wights
  A crimson imp (D:5)
  3 hounds
  3 orc priests
  A jelly (D:5)
  2 iguanas (D:5)
  7 orc wizards
  8 gnolls
  11 adders
  A shadow imp (D:6)
  3 white imps
  3 ufetubi (D:4)
  3 worms
  3 dart slugs
  45 orcs
  5 ball pythons
  6 bats
  8 endoplasms
  2 giant cockroaches
  13 goblins
  5 hobgoblins
  7 jackals (D:3)
  7 kobolds
  4 quokkas
  2 frilled lizards
  4 rats
186 creatures vanquished.

Vanquished Creatures (others)
  2 withered plants (D:8)
2 creatures vanquished.

Grand Total: 188 creatures vanquished

Notes
Turn   | Place    | Note
-------+----------+-------------------------------------------
     0 | D:1      | hikkokomori the Merfolk Wanderer began the quest for the
                  | Orb.
     0 | D:1      | hikkokomori set off with the following items: a +2 dagger,
                  | a potion of haste, a +0 buckler, a scroll of vulnerability,
                  | a +0 robe; and the following spell memorised: Sandblast;
                  | and the following spells available to memorise: Stone
                  | Arrow.
     0 | D:1      | Reached XP level 1. HP: 15/15 MP: 2/2
    55 | D:1      | Reached XP level 2. HP: 11/21 MP: 0/3
   345 | D:1      | Reached XP level 3. HP: 27/27 MP: 2/4
   743 | D:1      | You fall into a shaft and drop 1 floor!
  1089 | D:2      | Reached XP level 4. HP: 33/33 MP: 5/5
  1865 | D:3      | Reached XP level 5. HP: 37/39 MP: 6/6
  2135 | D:3      | Found a broken altar of Ashenzari.
  2243 | D:3      | Noticed a +0 hand axe
  2243 | D:3      | Noticed a +0 hand axe
  2247 | D:3      | Found a hide-covered altar of Uskayaw.
  2599 | D:4      | Reached XP level 6. HP: 35/47 MP: 7/7
  2662 | D:4      | Found a staircase to the Ecumenical Temple.
  2684 | Temple   | Entered the Ecumenical Temple
  2879 | Temple   | Became a worshipper of Warmaster Okawaru
  3089 | D:4      | Noticed Blork the orc
  3108 | D:4      | Killed Blork the orc
  3109 | D:4      | Reached skill level 5 in Stealth
  3232 | D:4      | Learned a level 3 spell: Stone Arrow
  3475 | D:4      | Identified a scroll of acquirement
  3475 | D:4      | Acquired a ring of poison resistance
  3856 | D:5      | Entered Level 5 of the Dungeon
  4109 | D:4      | Reached XP level 7. HP: 24/53 MP: 8/8
  4473 | D:5      | Reached skill level 1 in Short Blades
  4473 | D:5      | Reached skill level 1 in Invocations
  5396 | D:5      | Found a radiant altar of Vehumet.
  5396 | D:5      | Found a burning altar of Makhleb.
  5470 | D:5      | Reached * piety under Okawaru
  5471 | D:5      | Reached XP level 8. HP: 61/61 MP: 9/9
  5537 | D:5      | Noticed a yak
  5537 | D:5      | Noticed a yak
  5561 | D:5      | Killed a yak
  5565 | D:5      | Noticed a yak
  5566 | D:5      | Noticed a yak
  5607 | D:4      | Killed a yak
  5795 | D:5      | Found a blossoming altar of Fedhas.
  5928 | D:5      | Killed a yak
  5929 | D:5      | Reached skill level 5 in Fighting
  5929 | D:5      | Reached skill level 5 in Shields
  5944 | D:5      | Killed a yak
  5944 | D:5      | Reached ** piety under Okawaru
  6204 | D:6      | Reached XP level 9. HP: 47/66 MP: 8/11
  6469 | D:6      | Found a stormy altar of Qazlal.
  6536 | D:6      | Found a hazy altar of Hepliaklqana.
  6986 | D:6      | Got Nejole's Starting the Mind of the Magus
  7295 | D:7      | Noticed a hornet
  7308 | D:7      | Killed a hornet
  7372 | D:7      | Found a flagged portal.
  7396 | Bailey   | Entered a bailey
  7563 | Bailey   | Reached skill level 5 in Short Blades
  7674 | Bailey   | Noticed an orc knight
  7869 | Bailey   | Killed an orc knight
  7870 | Bailey   | Reached skill level 5 in Earth Magic
  8412 | D:7      | Found an opulent altar of Gozag.
  8472 | D:7      | Reached skill level 1 in Polearms
  8472 | D:7      | Reached XP level 10. HP: 45/72 MP: 12/14
  9817 | D:8      | Noticed Erica
  9848 | D:8      | Killed from afar by Erica

Illustrated notes

Levels and vault maps discovered:
D:1:      dpeg_arrival_connections, layout_basic, minmay_misc_feat_four_crosses
D:2:      minmay_chambers_of_ones, layout_rooms, minmay_pentomino_x4
D:3:      layout_loops_ring, overflow_temple_1_default, dancing_weapons_uskayaw
D:4:      layout_basic, minmay_temple_entry_purple_smoke, minmay_puff,
          uniq_blork_the_orc
D:5:      layout_gridville, grunt_temple_overflow_lords_of_destruction,
          fedhas_altar_1, roderic_serpentine_path
D:6:      layout_basic, nicolae_qazlal_general_emergency, kennysheep_mini,
          chequers_serial_rivers_large_a, nicolae_figureground_sparkle
D:7:      layout_loops_ring, mainiacjoe_overflow_small_starburst,
          enter_bailey_5, kennysheep_nondescript
D:8:      kennysheep_steamy, layout_basic, hangedman_ru_absence, zin_academy,
          kiku_gazebo_garden_becter, mainiacjoe_overflow_alcove_1, uniq_erica
Temple:   chequers_temple_sunken

Skill      XL: |  1  2  3  4  5  6  7  8  9 10 |
---------------+-------------------------------+-----
Earth Magic    | 2 3 4 5 |  5.6
Fighting       | 2 3 4 5 6 7 |  7.1
Stealth        | 4 5 6 7 |  7.1
Shields        | 3 4 5 |  5.6
Short Blades   | 2 4 5 |  5.8
Invocations    | 2 3 |  3.1
Armour         | 2 |  2.8
Spellcasting   | 2 3 |  3.4
Polearms       | 1 2 |  2.7

Action                     |  1- 3 |  4- 6 |  7- 9 | 10-12 || total
---------------------------+-------+-------+-------+-------++-------
  Melee: Dagger            |    70 |   295 |   522 |   159 ||  1046
         Tailslap          |       |       |     9 |       ||     9
  Throw: Dart              |       |       |       |     1 ||     1
   Cast: Sandblast         |    17 |     1 |       |     4 ||    22
 Invoke: Heroism           |       |       |     6 |     2 ||     8
    Use: Potion            |       |     3 |     1 |       ||     4
         Scroll            |       |     8 |     5 |     2 ||    15
   Stab: Sleeping          |     6 |     3 |       |     1 ||    10
 Armour: Robe              |    16 |     2 |       |       ||    18
         Fire dragon scale |       |    64 |       |       ||    64
         Ice dragon scales |       |    50 |   107 |    39 ||   196
  Dodge: Dodged            |    44 |   235 |   205 |    70 ||   554
  Block: Buckler           |    19 |    74 |   107 |    38 ||   238

Table legend: (Time is in decaauts)
 A = Elapsed time spent in this place.
 B = Non-inter-level travel time spent in this place.
 C = Inter-level travel time spent in this place.
 D = Time resting spent in this place.
 E = Time spent auto-exploring this place.
 F = Levels seen in this place.
 G = Mean time per level.
                   A        B        C        D        E       F      G
               +--------+--------+--------+--------+--------+-----+--------+
         Total |   9612 |   9232 |    380 |    903 |   6152 |  10 |  961.2 |
       Dungeon |   8637 |   8286 |    351 |    584 |   5870 |   8 | 1079.6 |
        Temple |    143 |    114 |     29 |      0 |    106 |   1 |  143.0 |
        Bailey |    831 |    831 |      0 |    319 |    175 |   1 |  831.0 |
               +--------+--------+--------+--------+--------+-----+--------+

Top non-repeatable levels by time:
     D:4: 1763 daAuts
     D:5: 1657 daAuts
     D:7: 1207 daAuts
     D:6: 1189 daAuts
     D:2: 849 daAuts
     D:3: 837 daAuts
  Bailey: 831 daAuts
     D:1: 749 daAuts
     D:8: 383 daAuts
  Temple: 143 daAuts
